 Dungeon Crawl Stone Soup version 0.28-a0-1033-g1a2f33fa85 (webtiles) character file.

Game seed: 1385081342895915040

138 ytrimaz the Covered (level 5, -1/42 HPs)
             Began as a Formicid Fighter on Dec 7, 2021.
             Slain by a lemure (8 damage)
             ... led by Pikel
             ... on level 3 of the Dungeon.
             The game lasted 00:02:32 (3478 turns).

ytrimaz the Covered (Formicid Fighter)              Turns: 3478, Time: 00:02:33

Health: -1/42      AC:  7    Str: 22    XL:     5   Next: 45%
Magic:  5/5        EV:  9    Int:  8    God:
Gold:   44         SH:  4    Dex: 10    Spells: 4/4 levels left

rFire   . . .      SeeInvis +   a - +0 war axe
rCold   + . .      Faith    .   c - +0 buckler
rNeg    . . .      Spirit   .   b - +0 scale mail
rPois   .          Reflect  .   (helmet unavailable)
rElec   .          Harm     .   (no cloak)
rCorr   .          Rampage  .   (no gloves)
Will    .....                   (no boots)
Stlth   ..........              (no amulet)
HPRegen 0.14/turn               f - ring of protection from cold
MPRegen 0.09/turn               (no ring)

@: no status effects
A: permanent stasis, dig shafts and tunnels, antennae 3, four strong arms
a: Dig, Shaft Self


You were on level 3 of the Dungeon.
You visited 1 branch of the dungeon, and saw 4 of its levels.

You collected 44 gold pieces.

Inventory:

Hand Weapons
 a - a +0 war axe (weapon)
Missiles
 g - 6 javelins
Armour
 b - a +0 scale mail (worn)
 c - a +0 buckler (worn)
Jewellery
 f - a ring of protection from cold (left hand)
Potions
 d - a potion of might


   Skills:
 + Level 4.0 Fighting
 + Level 4.0 Axes
 + Level 4.2 Armour
 - Level 3.8 Shields


You had 4 spell levels left.
You didn't know any spells.
Your spell library contained the following spells:

 Spells                   Type           Power      Damage    Failure   Level
 Summon Lightning Spire   Summ/Air       0%         N/A       100%        4
 Storm Form               Tmut/Air       0%         N/A       100%        7
 Maxwell's Capacitive Co  Air            0%         ∞         100%        8


Dungeon Overview and Level Annotations

Branches:
Dungeon (4/15)
 Temple: D:4-7

Altars:

Shops:
D:1 (


Innate Abilities, Weirdness & Mutations

You cannot be hasted, slowed, berserked, paralysed or teleported.
You can dig through walls and to a lower floor.
You have a pair of large antennae on your head. (SInv)
Your four strong arms can wield two-handed weapons with a shield.


Message History

The lemure is moderately wounded.
You hit the giant cockroach but do no damage.
The lemure hits you.
The giant cockroach bites you but does no damage.
Unknown command.
You hit the lemure.
The lemure is moderately wounded.
You slash the giant cockroach!
You kill the giant cockroach!
The lemure hits you. The lemure hits you but does no damage.
You hit the lemure.
The lemure is moderately wounded.
The lemure hits you but does no damage.
Unknown command.
You closely miss the lemure.
The lemure is moderately wounded.
The lemure hits you.
You slash the lemure!
The lemure is severely wounded.
The lemure hits you but does no damage. x2
You completely miss the lemure.
The lemure is severely wounded.
The lemure closely misses you.
You hit the lemure but do no damage.
The lemure is severely wounded.
The lemure hits you.
* * * LOW HITPOINT WARNING * * *
You completely miss the lemure.
The lemure is severely wounded.
The lemure hits you.
* * * LOW HITPOINT WARNING * * *
Unknown command.
You feel better. The lemure hits you!
* * * LOW HITPOINT WARNING * * *
You feel better. The lemure hits you.
* * * LOW HITPOINT WARNING * * *
You hit the lemure.
The lemure is almost dead.
The lemure hits you but does no damage. The lemure hits you!
You die...

##.......###........#
#..........#.######.#
#..##.#..#.#.# #.#
#..##.#..#.#.######.# ####
#..#.............##.#
...####..#.....#.#.###.##.#
.................#.# #.##.#
...##..........#5#.###.##.#
#.###..####....†@#......<.#
### #''# ###.########.####
♣♣♣..♣♣♣ #.# #># ♣♣......♣♣
#'## #.# ♣♣........♣♣##.##
#.# ♣..........♣♣##.## #.##
............♣♣##.## ##..###
...♣♣♣♣♣♣....♣♣#..###.....##
..♣.≈≈≈≈.♣....♣#..+........#


You could see a lemure.

Vanquished Creatures
  A lemure (D:3)
  A hound (D:3)
  3 adders
  A dart slug (D:1)
  A worm (D:3)
  3 orcs
  8 endoplasms
  3 giant cockroaches
  5 goblins
  5 hobgoblins
  5 jackals
  5 kobolds
  4 quokkas
  12 ball pythons
  3 bats
  4 frilled lizards
  8 rats
72 creatures vanquished.

Notes
Turn   | Place    | Note
-------+----------+-------------------------------------------
     0 | D:1      | ytrimaz the Formicid Fighter began the quest for the Orb.
     0 | D:1      | Reached XP level 1. HP: 18/18 MP: 1/1
    92 | D:1      | Reached XP level 2. HP: 23/24 MP: 2/2
   224 | D:1      | Found Godi's Weapon Emporium.
   459 | D:1      | Reached XP level 3. HP: 29/29 MP: 3/3
  1215 | D:2      | Reached XP level 4. HP: 36/37 MP: 4/4
  2880 | D:3      | Reached XP level 5. HP: 42/42 MP: 5/5
  3126 | D:4      | Noticed a lemure
  3126 | D:4      | Noticed a lemure
  3127 | D:4      | Noticed a lemure
  3128 | D:4      | Noticed a lemure
  3319 | D:3      | Killed a lemure
  3478 | D:3      | Slain by a lemure

Illustrated notes

Levels and vault maps discovered:
D:1:      lemuel_arrival_funnel, layout_rooms, serial_shops,
          nicolae_shop_bloodbath_and_beyond, hangedman_decor_diamond_cutter
D:2:      layout_basic
D:3:      layout_loops_corners, kennysheep_big_empty_room
D:4:      layout_loops_ring, uniq_pikel, uniq_natasha

Skill      XL: |  1  2  3  4  5 |
---------------+----------------+-----
Axes           | 3 4 |  4.0
Armour         | 4 |  4.2
Fighting       | 4 |  4.0
Shields        | |  3.8

Action                   |  1- 3 |  4- 6 || total
-------------------------+-------+-------++-------
Melee: War axe           |    97 |   133 ||   230
  Use: Scroll            |     2 |     2 ||     4
       Potion            |       |     2 ||     2
Armor: Scale mail        |    44 |    70 ||   114
Dodge: Dodged            |    43 |    67 ||   110
Block: Buckler           |    27 |    36 ||    63

Table legend: (Time is in decaauts)
 A = Elapsed time spent in this place.
 B = Non-inter-level travel time spent in this place.
 C = Inter-level travel time spent in this place.
 D = Time resting spent in this place.
 E = Time spent auto-exploring this place.
 F = Levels seen in this place.
 G = Mean time per level.
                   A        B        C        D        E       F      G
               +--------+--------+--------+--------+--------+-----+--------+
         Total |   3559 |   3447 |    112 |    389 |   2464 |   4 |  889.8 |
       Dungeon |   3559 |   3447 |    112 |    389 |   2464 |   4 |  889.8 |
               +--------+--------+--------+--------+--------+-----+--------+

Top non-repeatable levels by time:
     D:3: 1347 daAuts
     D:2: 1195 daAuts
     D:1: 984 daAuts
     D:4: 32 daAuts
